 Dungeon Crawl Stone Soup version 0.30.0-5-g1a98f26d00 (webtiles) character file.

Game seed: 15366514276434144563

46798 jasper the Severer (level 14, -18/202 HPs)
             Began as a Minotaur Berserker on May 10, 2023.
             Was the Champion of Trog.
             Demolished by a reaper
             ... wielding a +1 scythe of freezing
              (27 damage)
             ... in an ice cave.
             The game lasted 00:20:39 (19694 turns).

jasper the Severer (Minotaur Berserker)            Turns: 19694, Time: 00:20:40

Health: -18/202    AC: 23    Str: 35    XL:     14   Next: 6%
Magic:  13/13      EV: 12    Int:  4    God:    Trog [******]
Gold:   1026       SH:  0    Dex: 10    Spells: 13/13 levels left

rFire   x x .        n - +10 battleaxe "Diederiu" {flame, rCorr Str+5}
rCold   + + +        (shield currently unavailable)
rNeg    . . .        d - +0 ice dragon scales of Hangman {rPois rF- rC++}
rPois   +            z - +2 hat
rElec   .            p - +0 cloak
rCorr   +            Z - +2 pair of gloves {Str+3}
SInv    .            I - +0 pair of boots
Will    +++..        U - amulet of magic regeneration Stlth
                     w - ring of resist corrosion
HPRegen 1.53/turn    X - ring of ice
MPRegen 0.53/turn

%: no passive effects
@: berserking, strong-willed, regenerating, very quick
A: horns 2, retaliatory headbutt
a: Renounce Religion, Berserk, Trog's Hand, Brothers in Arms


You were in an ice cave.
You worshipped Trog.
Trog was exalted by your worship.
You visited 3 branches of the dungeon, and saw 18 of its levels.
You also visited: Ice Cave.

You collected 1926 gold pieces.
You spent 900 gold pieces at shops.

Inventory:

Hand Weapons
 n - the +10 battleaxe "Diederiu" (weapon) {flame, rCorr Str+5}
   (You bought it in a shop on level 2 of the Orcish Mines)

   Str:       It affects your strength (+5).
   rCorr:     It protects you from acid and corrosion.
 G - the +3 battleaxe of the Transmuting Seer {heavy, Stlth+}
   (You bought it in a shop on level 9 of the Dungeon)

   Stlth:     It makes you more stealthy.
Missiles
 c - 7 javelins
 k - 16 poisoned darts
 q - 76 stones
 r - 13 boomerangs (quivered)
 y - a throwing net
 L - 8 curare-tipped darts
Armour
 b - a +0 animal skin
 d - the +0 ice dragon scales of Hangman (worn) {rPois rF- rC++}
   (You found it in an ice cave)

   rF:        It makes you vulnerable to fire.
   rC:        It greatly protects you from cold.
   rPois:     It protects you from poison.
 h - a +0 chain mail
 o - a +0 leather armour
 p - a +0 cloak (worn)
 z - a +2 hat (worn)
 H - a +0 cloak
 I - a +0 pair of boots (worn)
 O - a +0 plate armour
 Y - a +3 chain mail of fire resistance
 Z - a +2 pair of gloves of strength (worn)
Jewellery
 e - a ring of flight
 w - a ring of resist corrosion (left hand)
 C - a ring of protection from fire
 F - a ring of willpower
 K - a +6 ring of strength
 U - an amulet of magic regeneration (around neck)
 X - a ring of ice (right hand)
Wands
 A - a wand of flame (6)
 D - a wand of paralysis (26)
 W - a wand of light (5)
Scrolls
 a - a scroll of silence
 u - 6 scrolls of teleportation
 v - 4 scrolls of amnesia
 x - 4 scrolls of noise
 E - 3 scrolls of enchant weapon
 M - 3 scrolls of fog
 Q - 4 scrolls of identify
 V - a scroll of immolation
Potions
 f - 6 potions of flight
 g - 2 potions of attraction
 j - 9 potions of curing
 l - 2 potions of might
 m - 2 potions of berserk rage
 s - 2 potions of brilliance
 t - 2 potions of invisibility
 J - 4 potions of resistance
 N - a potion of haste
 P - a potion of magic
 R - a potion of cancellation
 T - 2 potions of degeneration


   Skills:
 * Level 15.2 Fighting
 - Level 20.0 Axes
 + Level 14.4 Armour
 + Level 4.7 Dodging
 + Level 3.1 Evocations


You had 13 spell levels left.
You didn't know any spells.
Your spell library was empty.

Dungeon Overview and Level Annotations

Branches:
Dungeon (11/15)            Temple (0/1) D:5            Lair (5/5) D:9
 Spider (0/4) Lair:3          Orc (2/2) D:9             Elf (0/3) Orc:2
  IceCv (1/1)
  Swamp: Lair:2-3    Shoals: Lair:2-3     Slime: Lair:4-5

Altars:
Ashenzari
Cheibriados
Fedhas
Gozag
Hepliaklqana
Ru
Trog
Vehumet
Xom
Zin
The Shining One

Shops:
D:9 (   Orc:1 :   Orc:2 :*[(

Portals:
Trove: D:10 (give +6 demon trident)


Innate Abilities, Weirdness & Mutations

You have a pair of horns on your head.
You reflexively headbutt those who attack you in melee.


Message History

You take 6 damage, and have 36/135 hp.
You completely miss the reaper. You headbutt the reaper!
The reaper is moderately wounded.
You completely miss the troll simulacrum.
You hack the one-headed hydra simulacrum's last head off!
The one-headed hydra simulacrum vaporises!
Trog accepts your kill.
You lop one of the two-headed hydra simulacrum's heads off!
You slice the one-headed hydra simulacrum!!
You melt the one-headed hydra simulacrum!
The one-headed hydra simulacrum vaporises!
Trog accepts your kill.
The reaper hits you with a +1 scythe of freezing!
* * * LOW HITPOINT WARNING * * *
The troll simulacrum closely misses you.
The troll simulacrum claws you.
* * * LOW HITPOINT WARNING * * *
The troll simulacrum freezes you. You resist.
* * * LOW HITPOINT WARNING * * *
The troll simulacrum claws you!
* * * LOW HITPOINT WARNING * * *
The troll simulacrum freezes you. You resist.
* * * LOW HITPOINT WARNING * * *
You take 28 damage, and have 8/135 hp.
MASSIVE DAMAGE!!
A red film seems to cover your vision as you go berserk!
You feel yourself moving faster!
You feel mighty! The reaper closely misses you.
The troll simulacrum closely misses you.
The troll simulacrum claws you.
* * * LOW HITPOINT WARNING * * *
The troll simulacrum freezes you. You resist.
* * * LOW HITPOINT WARNING * * *
The troll simulacrum barely misses you.
You now have 8/202 hp.
You slice the troll simulacrum!!
You melt the troll simulacrum.
The troll simulacrum vaporises!
Trog accepts your kill.
You barely miss the reaper.
The reaper hits you with a +1 scythe of freezing!!
You die...

#..####.## ##..##.##
#.# ##.##.## #..##
#..##.# ....#
##.##.## ##....#
##..###.# #.....###
##..###..##
##.......# #...#
###.# #☼°2....$#
#...###.#.###°@#
#..###....##..##
#..#≈##≈#....##
#.##≈≈#≈≈##.##
#.##≈≈≈≈≈≈###
##.#≈≈≈≈≈≈## #####
?:
#.#≈≈≈≈≈≈≈###≈#≈##)#
##~~≈≈≈≈≈≈##≈≈≈≈..#
##~~≈≈≈≈≈≈##≈≈≈≈≈##


You could see a reaper.

Vanquished Creatures
  Gastronok (D:9)
  2 orc warlords (Orc:1)
  A stone giant (Orc:2)
  Snorg (Orc:1)
  4 ettins (Orc:2)
  A hydra (Lair:1)
  Erica (Lair:2)
  Sonja (D:11)
  Amaemon (Lair:1)
  Pikel (D:9)
  An orc knight (Orc:1)
  An orc sorcerer (Orc:1)
  An ugly thing (IceCv)
  8 cyclopes (Orc:2)
  An ice statue (IceCv)
  A black mamba (Lair:5)
  13 elephants
  Maurice (D:9)
  An orange demon (Lair:1)
  4 cane toads
  Psyche (D:10)
  6 komodo dragons
  A rime drake (Lair:3)
  A kobold demonologist (D:11)
  An unseen horror (D:11)
  3 ice devils
  A tarantella (shapeshifter) (D:11)
  Prince Ribbit (D:6)
  2 hornets
  3 trolls (Orc:1)
  Grinder (D:4)
  3 polar bears
  13 blink frogs
  Sigmund (D:2)
  A shadow (D:10)
  A dire elephant simulacrum (IceCv)
  25 yaks
  6 wyverns
  3 basilisks (Lair:3)
  2 wraiths
  2 steam dragons
  3 vampire mosquitoes (D:10)
  2 swamp worms (Lair:3)
  A warg (Orc:1)
  An acid dragon (D:10)
  3 hydra simulacra (IceCv)
  A harpy simulacrum (IceCv)
  7 water moccasins
  Duvessa (D:4)
  An ice beast (D:7)
  2 sky beasts (D:7)
  30 orc warriors
  3 black bears
  7 ogres
  7 wolves
  4 centaurs
  2 lemures (D:9)
  A kobold brigand (D:7)
  11 bullfrogs
  7 two-headed ogre simulacra (IceCv)
  A gnoll sergeant (D:7)
  4 scorpions
  4 cane toad simulacra (IceCv)
  12 wights
  Dowan (D:4)
  14 killer bees
  7 howler monkeys
  4 electric eels
  2 hounds
  Crazy Yiuf (D:6)
  2 gnoll boudas
  12 orc priests
  A jelly (D:7)
  An iron imp (D:7)
  A sleepcap (D:4)
  Natasha (thrice) (D:3)
  24 orc wizards
  2 iguanas
  4 hell rats (Lair:2)
  7 spriggan simulacra (IceCv)
  6 troll simulacra (IceCv)
  3 wolf simulacra (IceCv)
  A mummy (D:4)
  13 gnolls
  6 naga simulacra (IceCv)
  14 adders
  A shadow imp (D:7)
  6 white imps
  6 ufetubi (IceCv)
  6 dart slugs
  73 orcs
  7 endoplasms
  5 giant cockroaches
  5 goblins
  9 hobgoblins
  2 jackals (D:1)
  11 kobolds
  2 quokkas
  5 ball pythons
  2 bats
  5 frilled lizards
  2 goblin skeletons (D:7)
  2 goblin zombies (D:7)
  3 hobgoblin zombies (D:4)
  2 kobold skeletons (D:7)
  A kobold zombie (D:7)
  An orc skeleton (D:7)
  2 orc zombies
  6 rats
532 creatures vanquished.

Notes
Turn   | Place    | Note
-------+----------+-------------------------------------------
     0 | D:1      | jasper the Minotaur Berserker began the quest for the Orb.
     0 | D:1      | Reached XP level 1. HP: 19/19 MP: 0/0
   102 | D:1      | Reached skill level 4 in Axes
   105 | D:1      | Reached XP level 2. HP: 24/26 MP: 1/1
   344 | D:1      | Reached ** piety under Trog
   345 | D:1      | Reached skill level 5 in Axes
   564 | D:1      | Reached XP level 3. HP: 31/31 MP: 2/2
  1218 | D:2      | Noticed Sigmund
  1228 | D:2      | Killed Sigmund
  1229 | D:2      | Reached skill level 7 in Axes
  1229 | D:2      | Reached XP level 4. HP: 27/39 MP: 3/3
  1229 | D:2      | Reached XP level 5. HP: 31/45 MP: 4/4
  1544 | D:2      | Reached skill level 8 in Axes
  2034 | D:3      | Reached XP level 6. HP: 52/52 MP: 5/5
  2116 | D:3      | Noticed Natasha
  2123 | D:3      | Killed Natasha
  2187 | D:3      | Noticed Natasha
  2192 | D:3      | Killed Natasha
  2388 | D:3      | Reached *** piety under Trog
  2427 | D:3      | Noticed Natasha
  2431 | D:3      | Killed Natasha
  2847 | D:4      | Found a radiant altar of Vehumet.
  3048 | D:4      | Reached XP level 7. HP: 58/60 MP: 6/6
  3128 | D:4      | Noticed Grinder
  3141 | D:4      | Paralysed by Grinder for 2 turns
  3146 | D:4      | Killed Grinder
  3147 | D:4      | Reached skill level 9 in Axes
  3221 | D:4      | Reached skill level 5 in Fighting
  3378 | D:4      | Noticed Duvessa
  3378 | D:4      | Noticed Dowan
  3389 | D:4      | Killed Duvessa
  3392 | D:4      | Killed Dowan
  3393 | D:4      | Reached skill level 10 in Axes
  3773 | D:4      | Found a shimmering altar of Xom.
  3879 | D:5      | Entered Level 5 of the Dungeon
  3890 | D:5      | Found a staircase to the Ecumenical Temple.
  3970 | D:5      | Reached XP level 8. HP: 69/69 MP: 7/7
  4023 | D:5      | Reached skill level 5 in Armour
  4325 | D:4      | Reached skill level 11 in Axes
  4581 | D:5      | Found a hazy altar of Hepliaklqana.
  4750 | D:5      | Found a sacrificial altar of Ru.
  4752 | D:5      | Found a snail-covered altar of Cheibriados.
  4753 | D:5      | Found an opulent altar of Gozag.
  4845 | D:6      | Noticed Prince Ribbit
  4934 | D:6      | Killed Prince Ribbit
  4935 | D:6      | Reached XP level 9. HP: 11/79 MP: 8/8
  5197 | D:6      | Found a blossoming altar of Fedhas.
  5247 | D:6      | Found a runed translucent door.
  5248 | D:6      | Noticed Crazy Yiuf
  5469 | D:6      | Killed Crazy Yiuf
  5580 | D:7      | Reached skill level 12 in Axes
  5596 | D:7      | Reached **** piety under Trog
  5901 | D:7      | Found a glowing golden altar of the Shining One.
  6668 | D:8      | Reached skill level 13 in Axes
  7052 | D:8      | Reached XP level 10. HP: 90/90 MP: 9/9
  7919 | D:9      | Noticed Gastronok
  7935 | D:9      | Killed Gastronok
  7936 | D:9      | Reached skill level 14 in Axes
  8186 | D:9      | Noticed Maurice
  8206 | D:9      | Killed Maurice
  8248 | D:9      | Noticed Pikel
  8268 | D:9      | Killed Pikel
  8298 | D:9      | Found Idyoxker's Weapon Emporium.
  8298 | D:9      | Found a staircase to the Orcish Mines.
  8308 | D:9      | Reached skill level 10 in Fighting
  8308 | D:9      | Reached skill level 15 in Axes
  8312 | D:9      | Bought the +3 battleaxe of the Transmuting Seer {heavy,
                  | Stlth+} for 365 gold pieces
  8470 | D:9      | Found a staircase to the Lair.
  8509 | D:9      | Reached ***** piety under Trog
  8668 | D:9      | Reached XP level 11. HP: 100/100 MP: 10/10
  9116 | D:10     | Entered Level 10 of the Dungeon
  9122 | D:10     | Reached skill level 10 in Armour
  9160 | D:10     | Found a bloodstained altar of Trog.
  9335 | D:10     | Found a portal to a secret trove of treasure.
  9407 | D:10     | Found a broken altar of Ashenzari.
  9511 | D:10     | Noticed Psyche
  9517 | D:10     | Killed Psyche
  9518 | D:10     | Reached skill level 16 in Axes
  9844 | D:10     | Found a glowing silver altar of Zin.
 10142 | D:11     | Noticed Sonja
 10151 | D:11     | Killed Sonja
 11214 | Lair:1   | Entered Level 1 of the Lair of Beasts
 11371 | Lair:1   | Noticed an eight-headed hydra
 11383 | Lair:1   | Killed an 11-headed hydra
 11384 | Lair:1   | Reached skill level 17 in Axes
 11508 | Lair:1   | Reached XP level 12. HP: 72/112 MP: 11/11
 11810 | Lair:1   | Noticed Amaemon
 11822 | Lair:1   | Killed Amaemon
 12762 | Lair:2   | Reached ****** piety under Trog
 12764 | Lair:2   | Reached skill level 18 in Axes
 13191 | Lair:2   | Received a gift from Trog
 13668 | Lair:2   | Noticed Erica
 13672 | Lair:2   | Killed Erica
 14778 | Lair:3   | Found a hole to the Spider Nest.
 14839 | Lair:3   | Reached skill level 19 in Axes
 15281 | Lair:4   | Reached XP level 13. HP: 103/122 MP: 12/12
 15899 | Orc:1    | Entered Level 1 of the Orcish Mines
 15903 | Orc:1    | Noticed an orc warlord
 15917 | Orc:1    | Killed an orc warlord
 16232 | Orc:1    | Identified the +4 short sword of Truncation {flame, rC+}
                  | (Trog gifted it to you on level 1 of the Orcish Mines)
 16232 | Orc:1    | Received a gift from Trog
 16498 | Orc:1    | Found a dark tunnel.
 16615 | Orc:1    | Noticed an orc warlord
 16621 | Orc:1    | Noticed Snorg
 16635 | Orc:1    | Killed an orc warlord
 16636 | Orc:1    | Killed Snorg
 16640 | Orc:1    | Reached skill level 20 in Axes
 17090 | Orc:1    | Found Veut's Book Emporium.
 17205 | Orc:2    | Entered Level 2 of the Orcish Mines
 17208 | Orc:2    | Noticed an ettin
 17216 | Orc:2    | Killed an ettin
 17220 | Orc:2    | Reached skill level 1 in Evocations
 17220 | Orc:2    | Found Funify's Antique Armour Shop.
 17312 | Orc:2    | Bought a pair of glowing gloves for 240 gold pieces
 17349 | Orc:2    | Noticed an ettin
 17353 | Orc:2    | Killed an ettin
 17554 | Orc:2    | Found Cucre's Antique Weapon Boutique.
 17555 | Orc:2    | Noticed a stone giant
 17562 | Orc:2    | Killed a stone giant
 17804 | Orc:2    | Noticed an ettin
 17809 | Orc:2    | Killed an ettin
 17895 | Orc:2    | Bought a dazzling battleaxe for 253 gold pieces
 17895 | Orc:2    | Identified the +10 battleaxe "Diederiu" {flame, rCorr
                  | Str+5} (You bought it in a shop on level 2 of the Orcish
                  | Mines)
 17967 | Orc:2    | Found Itita's General Store.
 17987 | Orc:2    | Bought a potion of curing for 42 gold pieces
 18054 | Orc:2    | Noticed an ettin
 18055 | Orc:2    | Found Ontimutu's Book Shop.
 18059 | Orc:2    | Killed an ettin
 18158 | Orc:2    | Found a staircase to the Elven Halls.
 18529 | Lair:5   | Entered Level 5 of the Lair of Beasts
 18672 | Lair:5   | Reached skill level 15 in Fighting
 18748 | Lair:5   | Found a frozen archway.
 18764 | IceCv    | Entered an ice cave
 18832 | IceCv    | Received a gift from Trog
 19329 | IceCv    | Reached XP level 14. HP: 135/135 MP: 13/13
 19649 | IceCv    | Identified the +0 ice dragon scales of Hangman {rPois rF-
                  | rC++}
 19680 | IceCv    | Noticed a reaper
 19693 | IceCv    | HP: 10/202 [troll simulacrum (4)]
 19694 | IceCv    | Demolished by a reaper

Illustrated notes

Levels and vault maps discovered:
D:1:      kilobyte_arrival_exit_the_forest, layout_basic, serial_rivers,
          chequers_serial_rivers_small_a, chequers_serial_rivers_micro_b,
          chequers_serial_rivers_micro_e, chequers_serial_rivers_micro_d,
          chequers_serial_rivers_small_a
D:2:      layout_loops_cross, uniq_sigmund
D:3:      layout_loops_ring, uniq_natasha
D:4:      layout_loops_ring, mainiacjoe_overflow_concentric_impassable, tgw_xom,
          minmay_mini_ossuary, uniq_duvessa, uniq_grinder
D:5:      layout_cave_pools, old_standard_altar, grunt_temple_overflow_open,
          minmay_temple_entry_overgrown
D:6:      layout_gridville, fedhas_altar_fruit_tree, kennysheep_crisscross,
          uniq_prince_ribbit1, uniq_crazy_yiuf_cottage
D:7:      layout_gridville, nicolae_tso_besieged_by_evil
D:8:      layout_loops_ring, kennysheep_generic_room_12
D:9:      layout_basic, due_lair_maze_entry_diamond, orc_david_3,
          enter_bailey_4, serial_rivers, chequers_serial_rivers_micro_d,
          chequers_serial_rivers_room_b, chequers_serial_rivers_micro_a,
          chequers_serial_rivers_large_a, chequers_serial_rivers_small_b,
          uniq_maurice, uniq_gastronok, uniq_pikel
D:10:     layout_basic, trog_ov_bears_minmay, kennysheep_little_box,
          mainiacjoe_overflow_24_doors, nicolae_trove_entry_diagonal,
          uniq_psyche
D:11:     layout_gridville, uniq_sonja
Lair:1:   layout_regular_city, chequers_serial_rivers_small_b,
          grunt_megastairs_2, serial_bayou_shore_a, infiniplex_staircase_pool,
          uniq_amaemon
Lair:2:   layout_layer_cave, uniq_erica
Lair:3:   layout_regular_city, nicolae_swamp_entry_splash_gauntlet,
          dummy_spider_entry
Lair:4:   gammafunk_lair_enchanted_lake, layout_layer_cave, slime_entry_1,
          disabler_island
Lair:5:   wormcave, layout_gridlike, hangedman_lair_tendril_chambers,
          portal_ice_cave_demonic_guard, uniq_kirke, uniq_josephine
Orc:1:    layout_diamond_mine, nicolae_volcano_entry_lava_flow, serial_shops,
          shop, guppyfry_library_mini, uniq_snorg
Orc:2:    grunt_orc_gardens, layout_diamond_mine, grunt_orc_garden,
          grunt_orc_garden, grunt_orc_garden, grunt_orc_garden, library_closet
IceCv:    ice_cave_caverns_02

Skill      XL: |  1  2  3  4  5  6  7  8  9 10 11 12 13 14 |
---------------+-------------------------------------------+-----
Axes           | 4 5 7 8 10 11 13 15 17 19 20 | 20.0
Fighting       | 4 5 7 8 10 11 13 15 | 15.2
Armour         | 3 4 6 8 9 11 13 14 | 14.4
Evocations     | 2 3 |  3.1
Dodging        | 4 |  4.7

Action                     |  1- 3 |  4- 6 |  7- 9 | 10-12 | 13-15 || total
---------------------------+-------+-------+-------+-------+-------++-------
  Melee: Hand axe          |    54 |   117 |    82 |       |       ||   253
         Headbutt          |     7 |    16 |    35 |    54 |    48 ||   160
         Punch             |     3 |       |     3 |       |       ||     6
         Battleaxe         |       |       |   143 |   345 |   206 ||   694
  Throw: Javelin           |     3 |     2 |       |       |       ||     5
         Boomerang         |       |    11 |    31 |    11 |     2 ||    55
 Invoke: Berserk           |     1 |     1 |     8 |     4 |     2 ||    16
         Trog's Hand       |       |     1 |     1 |     2 |     4 ||     8
  Evoke: Wand              |       |       |       |     3 |     5 ||     8
    Use: Scroll            |       |     9 |     3 |    17 |       ||    29
         Potion            |       |       |     3 |       |       ||     3
   Stab: Paralysed         |       |       |       |     1 |       ||     1
 Armour: Animal skin       |     8 |     1 |       |       |       ||     9
         Leather armour    |       |     5 |       |       |       ||     5
         Chain mail        |       |    39 |   135 |    22 |   126 ||   322
         Plate armour      |       |       |       |   353 |    28 ||   381
         Ice dragon scales |       |       |       |       |     9 ||     9
  Dodge: Dodged            |    45 |    61 |   116 |   198 |   132 ||   552
